 Dungeon Crawl Stone Soup version 0.21-a0-344-g2144152 (webtiles) character file.

184 tilp the Firebug (level 5, 0/38 HPs)
             Began as a Hill Orc Fire Elementalist on Oct 4, 2017.
             Splashed by a jelly's acid (8 damage)
             ... on level 2 of the Dungeon.
             The game lasted 00:05:11 (2181 turns).

tilp the Firebug (Hill Orc Fire Elementalist)       Turns: 2181, Time: 00:05:12

Health: 0/38       AC:  2    Str: 11    XL:     5   Next: 64%
Magic:  2/9        EV: 11    Int: 16    God:
Gold:   92         SH:  0    Dex: 11    Spells: 3/9 levels left

rFire    . . .     SeeInvis .   a - +1 hand axe (elec)
rCold    . . .     Gourm    .   (no shield)
rNeg     . . .     Faith    .   j - +3 leather armour
rPois    .         Spirit   .   (no helmet)
rElec    .         Reflect  .   (no cloak)
rCorr    .         Harm     .   (no gloves)
MR       .....                  (no boots)
Stlth    +.........             (no amulet)
HPRegen  0.12/turn              (no ring)
MPRegen  0.11/turn              (no ring)

@: corroded, very slightly contaminated
A: no striking features
a: no special abilities


You were on level 2 of the Dungeon.
You were hungry.

You visited 1 branch of the dungeon, and saw 2 of its levels.

You collected 92 gold pieces.

Inventory:

Hand Weapons
 a - a +1 hand axe of electrocution (weapon)
 b - a +0 hunting sling
 u - a +2 dagger of venom
 x - a +0 whip of venom
Missiles
 q - 93 stones (quivered)
 y - 16 sling bullets
Armour
 j - a +3 leather armour (worn)
 s - a cursed +0 robe
Jewellery
 e - an uncursed amulet of magic regeneration {unknown}
 o - an uncursed ring of resist corrosion {unknown}
Scrolls
 d - a scroll of recharging {unknown}
 f - a scroll of fog {unknown}
 l - 2 scrolls of teleportation {unknown}
 m - 2 scrolls of magic mapping {unknown}
 r - 3 scrolls of identify {unknown}
 t - a scroll of noise {unknown}
Potions
 g - a potion of might {unknown}
 h - a potion of curing {unknown}
 k - a potion of brilliance {unknown}
 n - 2 potions of lignification {unknown}
 v - 2 potions of ambrosia {unknown}
Books
 w - a book of Flames

   Spells                             Type                      Level
   a - Flame Tongue                   Conjuration/Fire             1
   b - Throw Flame                    Conjuration/Fire             2
   c - Conjure Flame                  Conjuration/Fire             3
   d - Inner Flame                    Hexes/Fire                   3
   e - Sticky Flame                   Conjuration/Fire             4
   f - Fireball                       Conjuration/Fire             5
Comestibles
 c - a bread ration
 p - 2 royal jellies


   Skills:
 - Level 1.5 Dodging
 - Level 1.5 Stealth
 + Level 2.7 Spellcasting
 + Level 3.1 Conjurations
 + Level 4.7 Fire Magic


You had 3 spell levels left.
You knew the following spells:

 Your Spells              Type           Power        Failure   Level  Hunger
a - Flame Tongue          Conj/Fire      ##...        4%          1    #......
b - Throw Flame           Conj/Fire      ##....       8%          2    ##.....
c - Conjure Flame         Conj/Fire      ##......     16%         3    ###....


Dungeon Overview and Level Annotations

Branches:
Dungeon (2/15)

Altars:
Fedhas


Message History

Aim: a jelly The flame tongue hits the jelly.
The jelly is almost dead.
The ooze hits you but does no damage. The ooze hits you.
The jelly barely misses you.
You hit the jelly. Lightning courses through the jelly!
You kill the jelly!
You hit the ooze. Lightning courses through the ooze!
You kill the ooze!
You hit the ooze. The ooze hits you.
You hit the jelly. Lightning courses through the jelly! The acid corrodes you!
Your hands burn!
The jelly is almost dead.
You hit the ooze but do no damage. The jelly hits you but does no damage.
The ooze hits you.
* * * LOW HITPOINT WARNING * * *
The jelly hits you.
* * * LOW HITPOINT WARNING * * *
You are splashed with acid!
The acid burns!
You die...

.#.###.# ######### ##.#
.#.....###(.....##.####### #..#
.#......##......#.#.#....######
.#......##.÷.÷.÷#.#.#.....##.####
........##..P.P.#)#'#......'....)
##..÷.#.##......#.#........'..###
#.#..#.##.÷P...#.#........'.##
#.##.#.##÷..÷.J#.#.......##.#
#......##PPP..J@##......#####
####.####......########## #.#
####### ### #.# ### #.#
#.########.#### #.#
#.............# #.#
####...#####..# #.# #...#
#..####.# #...# #.......#


You could see a jelly and an ooze.

Vanquished Creatures
  2 jellies (D:2)
  2 adders (D:2)
  9 oozes (D:2)
  3 worms (D:2)
  2 dart slugs (D:2)
  2 leopard geckos (D:1)
  6 bats
  A giant cockroach (D:1)
  3 goblins
  5 hobgoblins
  3 jackals (D:1)
  10 kobolds
  2 quokkas (D:2)
  2 frilled lizards (D:2)
  4 rats
56 creatures vanquished.

Vanquished Creatures (others)
  12 toadstools (D:2)
12 creatures vanquished.

Grand Total: 68 creatures vanquished

Notes
Turn   | Place    | Note
-------+----------+-------------------------------------------
     0 | D:1      | tilp the Hill Orc Fire Elementalist began the quest for the Orb.
     0 | D:1      | Reached XP level 1. HP: 14/14 MP: 3/3
   154 | D:1      | Reached XP level 2. HP: 11/20 MP: 4/4
   328 | D:1      | Learned a level 2 spell: Throw Flame
  1014 | D:2      | Reached XP level 3. HP: 21/26 MP: 4/6
  1025 | D:2      | Learned a level 3 spell: Conjure Flame
  1516 | D:2      | Reached skill level 4 in Fire Magic
  1589 | D:2      | Reached XP level 4. HP: 33/33 MP: 5/7
  1868 | D:2      | Found a blossoming altar of Fedhas.
  2174 | D:2      | Reached XP level 5. HP: 33/38 MP: 3/8
  2181 | D:2      | Splashed by a jelly's acid

Vault maps used:
D:1:      minmay_arrival_loop
D:2:      cheibrodos_fertilizer, fedhas_altar_4

Skill      XL: |  1  2  3  4  5 |
---------------+----------------+-----
Spellcasting   | 2 |  2.7
Conjurations   | 2 3 |  3.1
Fire Magic     | 4 |  4.7
Dodging        | |  1.5
Stealth        | |  1.5

Action                   |  1- 3 |  4- 6 || total
-------------------------+-------+-------++-------
Melee: Dagger            |    59 |       ||    59
       Hand axe          |    15 |    49 ||    64
 Cast: Flame Tongue      |    20 |    10 ||    30
 Stab: Sleeping          |     1 |     1 ||     2
  Eat: Chunk             |     2 |     2 ||     4
Armor: Robe              |     4 |       ||     4
       Leather armour    |    21 |    37 ||    58
Dodge: Dodged            |    52 |    32 ||    84

Table legend:
 A = Spawn XP
 B = Non-spawn XP
 C = Spawn XP percentage of total XP
 D = Spawn monster count
 E = Non-spawn monster count
 F = Spawn count percentage of total count
 G = Total turns spent on level
                    A         B        C        D         E        F      G
               +---------+---------+-------+---------+---------+-------+---------
         Total |       0 |     264 |   0.0 |       0 |      56 |   0.0 |  2181
               +---------+---------+-------+---------+---------+-------+---------
           D:1 |       0 |      31 |   0.0 |       0 |      16 |   0.0 |   942
           D:2 |       0 |     233 |   0.0 |       0 |      40 |   0.0 |  1239
               +---------+---------+-------+---------+---------+-------+---------
